 Dungeon Sprint DCSS version 0.29.1-14-g9c671dbff4 (webtiles) character file.

Game seed: 13509465655359782541

599 Groucho the Grappler (level 7, -9/69 HPs)
             Began as a Ghoul Gladiator on Feb 12, 2023.
             Was a Follower of Wu Jian.
             Mangled by an orc warrior
             ... wielding a +0 trident
              (18 damage)
             ... in the Dungeon (Sprint IX: "|||||||||||||||||||||||||||||").
             The game lasted 00:02:23 (475 turns).

Groucho the Grappler (Ghoul Gladiator)               Turns: 475, Time: 00:02:24

Health: -9/69      AC:  9    Str: 20    XL:     7   Next: 41%
Magic:  6/6        EV: 13    Int:  3    God:    Wu Jian [*.....]
Gold:   0          SH:  0    Dex: 10    Spells: 6/6 levels left

rFire   . . .      SeeInvis .     - Unarmed
rCold   + . .      Faith    .   (no shield)
rNeg    + + +      Spirit   .   n - +2 ring mail
rPois   ∞          Reflect  .   b - +0 helmet
rElec   .          Harm     .   (no cloak)
rCorr   .          Rampage  .   (no gloves)
Will    .....      NoTele   +   (no boots)
Stlth   ..........              (no amulet)
HPRegen 0.00/turn               (no ring)
MPRegen 0.10/turn               (no ring)

@: inhibited regen
A: claws 1, cold resistance 1, negative energy resistance 3, inhibited
regeneration, torment resistance 2, devour on kill
a: Renounce Religion


You were in the Dungeon.
You worshipped Wu Jian.
Wu Jian was aware of your devotion.
You visited 1 branch

Inventory:

Missiles
 c - 3 throwing nets (quivered)
 d - a javelin
Armour
 b - a +0 helmet (worn)
 n - a +2 ring mail (worn)
Jewellery
 a - a +3 ring of intelligence
 m - a +2 ring of protection
Wands
 l - a wand of acid (10)
Scrolls
 i - 2 scrolls of blinking
 k - 2 scrolls of amnesia
Potions
 f - a potion of heal wounds
 g - a potion of haste
 h - 4 potions of magic
 j - 4 potions of curing


   Skills:
 + Level 8.8 Fighting
 - Level 1.7 Throwing
 + Level 7.0 Armour
 + Level 7.6 Dodging
 + Level 9.2 Unarmed Combat


You had 6 spell levels left.
You didn't know any spells.
Your spell library was empty.

Dungeon Overview and Level Annotations

Branches:
Dungeon (1/1)

Altars:
Cheibriados
Dithmenos
Fedhas
Gozag
Hepliaklqana
Kikubaaqudgha
Makhleb
Nemelex Xobeh
Okawaru
Qazlal
Ru
Sif Muna
Trog
Uskayaw
Vehumet
Wu Jian
Xom
Yredelemnul
Jiyva
Lugonu


Innate Abilities, Weirdness & Mutations

You are immune to poison.
You have sharp fingernails.
Your flesh is cold resistant. (rC+)
You are immune to negative energy. (rN+++)
You do not regenerate when monsters are visible.
You are immune to unholy pain and torment.
You thrive by killing the living.


Message History

The vampire mosquito barely misses you.
Your Fighting skill increases to level 8!
Your Armour skill increases to level 6!
Your Dodging skill increases to level 7!
Your Unarmed Combat skill increases to level 8!
You have reached level 7!
You catch the helpless vampire mosquito completely off-guard!
You mangle the vampire mosquito!!
The vampire mosquito is severely damaged.
The vampire mosquito bites you but does no damage.
The orc warrior hits you from afar with a +0 trident.
The vampire mosquito misses you.
You miss the vampire mosquito.
The vampire mosquito is severely damaged.
The vampire mosquito bites you.
You claw the vampire mosquito!
You destroy the vampire mosquito!
The Council accepts your kill.
Your Armour skill increases to level 7!
Your Unarmed Combat skill increases to level 9!
You catch the helpless orc warrior completely off-guard!
You scratch the orc warrior but do no damage.
Unknown command.
You claw the orc warrior!
The orc warrior is heavily wounded.
The orc warrior hits you with a +0 trident!
Unknown command.
You strike the helpless orc warrior from behind!
You scratch the orc warrior but do no damage.
The orc warrior is heavily wounded.
The orc warrior hits you with a +0 trident.
You completely miss the orc warrior.
The orc warrior is heavily wounded.
You flicker back into view.
The orc warrior hits you with a +0 trident!
* * * LOW HITPOINT WARNING * * *
You scratch the orc warrior but do no damage.
The orc warrior is heavily wounded.
The orc warrior hits you with a +0 trident!!
You die...

▓)▓
▓.▓
▓[▓
▓[▓
▓[▓
▓.▓
▓.▓
▓'▓
▓@▓
▓o▓
▓.▓
▓.▓
▓.▓
▓.▓
▓+▓


You could see an orc warrior.

Vanquished Creatures
  A troll (D)
  A vampire mosquito (D)
  A centaur (D)
  A phantom (D)
  A gnoll bouda (D)
  An adder (D)
  A shadow imp (D)
  An ufetubus (D)
  A dart slug (D)
  A bat (D)
  An endoplasm (D)
  A goblin (D)
  A kobold (D)
  A quokka (D)
14 creatures vanquished.

Vanquished Creatures (others)
  A yak (D)
1 creature vanquished.

Grand Total: 15 creatures vanquished

Notes
Turn   | Place    | Note
-------+----------+-------------------------------------------
     0 | D        | Groucho the Ghoul Gladiator began the quest for the Orb.
     0 | D        | Reached XP level 1. HP: 17/17 MP: 0/0
    10 | D        | Reached skill level 1 in Armour
    15 | D        | Reached XP level 2. HP: 26/26 MP: 1/1
    20 | D        | Noticed a phantom
    41 | D        | Killed a phantom
    42 | D        | Reached skill level 5 in Fighting
    42 | D        | Reached skill level 5 in Unarmed Combat
    42 | D        | Reached XP level 3. HP: 14/36 MP: 2/2
    42 | D        | Reached XP level 4. HP: 17/42 MP: 3/3
    54 | D        | Reached skill level 6 in Unarmed Combat
   349 | D        | Found a snail-covered altar of Cheibriados.
   349 | D        | Found a shadowy altar of Dithmenos.
   349 | D        | Found a blossoming altar of Fedhas.
   349 | D        | Found an opulent altar of Gozag.
   350 | D        | Found a hazy altar of Hepliaklqana.
   351 | D        | Found a viscous altar of Jiyva.
   352 | D        | Found an ancient bone altar of Kikubaaqudgha.
   353 | D        | Found a corrupted altar of Lugonu.
   354 | D        | Found a burning altar of Makhleb.
   355 | D        | Found a sparkling altar of Nemelex Xobeh.
   356 | D        | Found an iron altar of Okawaru.
   357 | D        | Found a stormy altar of Qazlal.
   358 | D        | Found a sacrificial altar of Ru.
   359 | D        | Found a shimmering blue altar of Sif Muna.
   360 | D        | Found a bloodstained altar of Trog.
   361 | D        | Found a hide-covered altar of Uskayaw.
   362 | D        | Found a radiant altar of Vehumet.
   363 | D        | Found an ornate altar of the Wu Jian Council.
   364 | D        | Found a shimmering altar of Xom.
   365 | D        | Found a basalt altar of Yredelemnul.
   411 | D        | Became a worshipper of the Wu Jian Council
   446 | D        | Noticed a yak
   446 | D        | Noticed a centaur
   446 | D        | Noticed a troll
   446 | D        | Noticed a vampire mosquito
   446 | D        | Noticed an orc warrior
   453 | D        | Killed a yak
   454 | D        | Reached skill level 5 in Dodging
   454 | D        | Reached XP level 5. HP: 44/50 MP: 4/4
   459 | D        | Killed a centaur
   460 | D        | Reached skill level 5 in Armour
   460 | D        | Reached skill level 7 in Unarmed Combat
   460 | D        | Reached XP level 6. HP: 49/58 MP: 5/5
   467 | D        | Killed a troll
   467 | D        | Reached * piety under Wu Jian
   468 | D        | Reached skill level 8 in Unarmed Combat
   468 | D        | Reached XP level 7. HP: 43/69 MP: 6/6
   470 | D        | Killed a vampire mosquito
   471 | D        | Reached skill level 9 in Unarmed Combat
   475 | D        | Mangled by an orc warrior

Illustrated notes

Levels and vault maps discovered:
D:        linesprint [early_d, line_temple, items_1, d_10, items_2, lair_1,
          lair_end, items_3, orc_1, orc_end, items_4, d_15, swamp_1, shoals_1,
          snake_1, spider_1, d_20, vaults_1, items_5, swamp_end, shoals_end,
          snake_end, spider_end, vaults_end, d_27, items_6, zot_1, zot_end,
          crypt_end, forest_end, elf_end, slime_end, tomb_end, abyss_end,
          pan_hell_end]

Skill      XL: |  1  2  3  4  5  6  7 |
---------------+----------------------+-----
Armour         | 1 3 4 5 6 7 |  7.0
Dodging        | 3 4 5 6 7 |  7.6
Fighting       | 3 5 6 8 |  8.8
Unarmed Combat | 5 6 7 8 9 |  9.2
Throwing       | |  1.7

Action                   |  1- 3 |  4- 6 |  7- 9 || total
-------------------------+-------+-------+-------++-------
Melee: Unarmed           |    30 |    30 |     8 ||    68
Invok: Lunge             |       |     2 |       ||     2
  Use: Potion            |     1 |     3 |       ||     4
 Stab: Invisible         |       |     1 |     3 ||     4
Armor: Leather armour    |     4 |     1 |       ||     5
       Ring mail         |       |    10 |     1 ||    11
Dodge: Dodged            |    15 |    18 |     1 ||    34
